 Dungeon Crawl Stone Soup version 0.31.0-11-ge490571c62 (webtiles) character file.

Game seed: 9557582385048535939

6014 jestert79 the Frost Mage (level 10, -1/88 HPs)
             Began as a Ghoul Ice Elementalist on Jan 26, 2024.
             Was a Follower of Kikubaaqudgha.
             Slain by an orc warrior
             ... wielding a +0 glaive
              (18 damage)
             ... in a bailey.
             The game lasted 00:46:09 (10953 turns).

jestert79 the Frost Mage (Ghoul Ice Elementalist)  Turns: 10953, Time: 00:46:09

Health: -1/88      AC:  9    Str: 13    XL:     10   Next: 86%
Magic:  8/14       EV: 12    Int: 18    God:    Kikubaaqudgha [*.....]
Gold:   230        SH:  0    Dex:  9    Spells: 3/15 levels left

rFire   + .          .
                       - Unarmed
rCold   + . .        (no shield)
rNeg    + + +        M - +0 steam dragon scales
rPois   ∞            H - +1 helmet
rElec   .            o - +1 cloak
rCorr   .            (no gloves)
SInv    .            (no boots)
Will    .....        D - amulet of the acrobat
Stlth   ++           y - ring of wizardry
HPRegen 0.00/turn    F - ring of protection from fire
MPRegen 0.14/turn

%: acrobat, wizardry (x1)
@: freezing walls, inhibited regen
A: claws 1, cold resistance 1, negative energy resistance 3, inhibited
regeneration, torment resistance 2, devour on kill
a: Renounce Religion, Unearth Wretches


You were in a bailey.
You worshipped Kikubaaqudgha.
Kikubaaqudgha was aware of your devotion.
You visited 2 branches of the dungeon, and saw 10 of its levels.
You also visited: Sewer and Bailey.

You collected 389 gold pieces.
You spent 159 gold pieces at shops.

Inventory:

Missiles
 g - a datura-tipped dart (quivered)
 s - 41 stones
 w - 2 curare-tipped darts
 G - 2 throwing nets
Armour
 o - a +1 cloak (worn)
 C - +0 acid dragon scales
 H - a +1 helmet (worn)
 M - +0 steam dragon scales (worn)
Magical Staves
 h - a staff of earth
Jewellery
 q - a ring of magical power
 y - a ring of wizardry (left claw)
 D - an amulet of the acrobat (around neck)
 F - a ring of protection from fire (right claw)
Wands
 k - a wand of charming (12)
 x - a wand of digging (7)
 A - a wand of polymorph (1)
 E - a wand of flame (19)
 J - a wand of acid (9)
Scrolls
 a - a scroll of fog
 e - a scroll of amnesia
 l - 2 scrolls of vulnerability
 r - a scroll of identify
 v - 4 scrolls of teleportation
 B - a scroll of noise {unknown}
 I - a scroll of immolation
 K - a scroll of enchant weapon {unknown}
Potions
 b - 2 potions of magic
 c - 3 potions of brilliance {unknown}
 d - a potion of ambrosia {unknown}
 i - 2 potions of lignification
 j - a potion of haste {unknown}
 m - 4 potions of resistance
 n - 4 potions of heal wounds
 p - 2 potions of enlightenment
 t - 2 potions of curing {unknown}
 u - a potion of attraction
 z - a potion of mutation {unknown}
 L - 2 potions of degeneration {unknown}


   Skills:
 + Level 8.2 Fighting
 - Level 4.0 Dodging
 - Level 4.0 Stealth
 - Level 5.4 Unarmed Combat
 - Level 3.0 Spellcasting
 + Level 4.5 Conjurations
 + Level 10.5 Ice Magic
 + Level 4.5 Air Magic


You had 3 spell levels left.
You knew the following spells:

 Your Spells              Type           Power      Damage    Failure   Level
a - Freeze                Ice            100%       1d10      1%          1
b - Frozen Ramparts       Ice            80%        1d13      1%          3
c - Ozocubu's Armour      Ice            40%        N/A       1%          3
d - Freezing Cloud        Conj/Ice/Air   13%        6-21      12%         5

Your spell library contained the following spells:

 Spells                   Type           Power      Damage    Failure   Level
 Summon Ice Beast         Ice/Summ       21%        N/A       2%          3
 Mercury Vapours          Alch/Air       20%        N/A       4%          2
 Cigotuvi's Dreadful Rot  Necr/Alch/Air  16%        N/A       5%          2
 Necrotise                Necr           8%         1d4       6%          1
 Mephitic Cloud           Conj/Alch/Air  13%        N/A       6%          3
 Stone Arrow              Conj/Erth      20%        3d8       8%          3
 Fugue of the Fallen      Necr           2%         N/A       19%         3
 Inner Flame              Hex/Fire       2%         N/A       19%         3
 Vampiric Draining        Necr           2%         2d6       19%         3
 Animate Armour           Summ/Erth      4%         N/A       52%         4
 Ignite Poison            Fire/Alch      2%         N/A       52%         4
 Petrify                  Alch/Erth      2%         N/A       52%         4
 Irradiate                Conj/Alch      5%         3d13      54%         5
 Ignition                 Fire           1%         3d3       100%        8
 Lehudib's Crystal Spear  Conj/Erth      5%         10d3      100%        8
 Sublimation of Blood     Necr           Unusable   N/A       N/A         2

Dungeon Overview and Level Annotations

Branches:
Dungeon (9/15)             Temple (1/1) D:6            Lair (0/5) D:8
  Sewer (visited)          Bailey (1/1)
    Orc: D:9-12

Altars:
Ashenzari
Cheibriados
Dithmenos
Fedhas
Gozag
Kikubaaqudgha
Makhleb
Nemelex Xobeh
Okawaru
Qazlal
Ru
Sif Muna
Trog
Uskayaw
Vehumet
Wu Jian
Xom
Yredelemnul

Shops:
D:6 ?

Annotations:
D:3 Spellbooks with wand of digging


Innate Abilities, Weirdness & Mutations

You are immune to poison.
You have sharp fingernails.
Your flesh is cold resistant. (rC+)
You are immune to negative energy. (rN+++)
You do not regenerate when monsters are visible.
You are immune to unholy pain and torment.
You thrive by killing the living.


Message History

Press: ? - help, Dir - look around, f - activate The walls around you are covered in ice.
The wall freezes the orc warrior but does no damage.
The orc warrior hits you with a +0 glaive!
Unknown command.
Unknown command.
You completely miss the orc warrior.
The orc warrior is lightly wounded.
The wall freezes the orc warrior!
The orc warrior hits you with a +0 glaive.
You scratch the orc warrior but do no damage.
The orc warrior is heavily wounded.
The wall freezes the orc warrior.
The orc warrior hits you but does no damage.
You scratch the orc warrior.
The orc warrior is almost dead.
The wall freezes the orc warrior but does no damage.
The orc warrior hits you with a +0 glaive!
You closely miss the orc warrior.
The orc warrior is almost dead.
The wall freezes the orc warrior but does no damage.
The orc warrior hits you with a +0 glaive!
You scratch the orc warrior but do no damage.
The orc warrior is almost dead.
The wall freezes the orc warrior but does no damage.
The orc warrior closely misses you.
You barely miss the orc warrior.
The orc warrior is almost dead.
The wall freezes the orc warrior but does no damage.
The orc warrior hits you with a +0 glaive!
* * * LOW HITPOINT WARNING * * *
You closely miss the orc warrior.
The orc warrior is almost dead.
Unknown command.
You scratch the orc warrior but do no damage.
The orc warrior is almost dead.
The wall freezes the orc warrior but does no damage.
The orc warrior hits you with a +0 glaive!!
You die...
Kikubaaqudgha rasps: "You have failed me!
Welcome... oblivion!"

.$. ≈≈≈.≈≈≈..##...##..~.#
#.## ≈.§.§.≈≈o.##.##..~~.#
#+# ...⌠§.§≈≈..#+#..~~.## #
..⌠∩⌠.§.§..# #..~~.∩# #
§§...)§≈..## ##..~~.#
≈§≈≈§≈≈.§## ##..~.#
..§.§...## ##)~.#
##########+###'#########.~.#
.....)##.....##o@..))....~.#
~~~)~..##.∩.##..~~~~~~~~~~.#
....~~..## ##..~~..........#
###..~~..###..~~..##########
##..~~.....~~..##
##..~~~~~~~..##
##.........## ###########


You could see an orc warrior.

Vanquished Creatures
  Grinder (D:4)
  Sigmund (D:5)
  A spriggan (D:8)
  A wyvern (D:8)
  5 yaks (D:8)
  A golden eye (D:6)
  2 steam dragons (D:8)
  Edmund (D:4)
  A water moccasin (D:7)
  Duvessa (D:5)
  Pargi (Sewer)
  2 ice beasts
  4 orc warriors
  A black bear (D:6)
  3 sky beasts
  A centaur (D:7)
  3 ogres
  2 kobold brigands
  Blork the orc (D:6)
  2 bullfrogs
  A brain worm (Sewer)
  2 gnoll sergeants (D:8)
  A scorpion (D:5)
  7 killer bees
  4 jellies
  2 bombardier beetles
  A gnoll bouda (D:7)
  2 orc priests (D:7)
  6 hounds
  5 iguanas
  3 sleepcaps (D:5)
  Jessica (D:3)
  4 orc wizards
  Natasha (thrice) (D:4)
  6 adders
  11 gnolls
  2 river rats (D:3)
  A shadow imp (D:6)
  2 white imps
  A dart slug (D:1)
  5 ribbon worms
  23 orcs
  9 ball pythons
  8 endoplasms
  4 giant cockroaches
  5 goblins
  8 hobgoblins
  6 quokkas
  12 bats
  4 frilled lizards
  7 kobolds
  8 rats
199 creatures vanquished.

Vanquished Creatures (collateral kills)
  A polar bear (D:8)
  3 orc warriors (Bailey)
  Dowan (D:5)
  2 orcs (Bailey)
7 creatures vanquished.

Grand Total: 206 creatures vanquished

Notes
Turn   | Place    | Note
-------+----------+-------------------------------------------
     0 | D:1      | jestert79 the Ghoul Ice Elementalist began the quest for
                  | the Orb.
     0 | D:1      | Reached XP level 1. HP: 14/14 MP: 3/3
   330 | D:1      | Reached XP level 2. HP: 20/20 MP: 0/4
  1163 | D:2      | Reached XP level 3. HP: 26/26 MP: 2/5
  1169 | D:2      | Learned a level 3 spell: Frozen Ramparts
  1351 | D:2      | Reached skill level 5 in Ice Magic
  2008 | D:2      | Reached XP level 4. HP: 31/33 MP: 5/7
  2012 | D:2      | Learned a level 3 spell: Ozocubu's Armour
  2567 | D:3      | Found a shimmering blue altar of Sif Muna.
  2676 | D:3      | Reached XP level 5. HP: 31/38 MP: 2/8
  2705 | D:3      | Reached skill level 6 in Ice Magic
  2809 | D:3      | Found a glowing drain.
  2851 | Sewer    | Entered a sewer
  2947 | Sewer    | Reached skill level 1 in Fighting
  2947 | Sewer    | Reached skill level 1 in Unarmed Combat
  2947 | Sewer    | Reached XP level 6. HP: 42/47 MP: 4/9
  2991 | Sewer    | Noticed Pargi
  3003 | Sewer    | Killed Pargi
  3545 | D:3      | Found a faded altar of an unknown god.
  3619 | D:3      | Noticed Jessica
  3629 | D:3      | Killed Jessica
  3861 | D:4      | Reached XP level 7. HP: 49/55 MP: 3/10
  3998 | D:4      | Noticed Edmund
  4045 | D:4      | Reached skill level 7 in Ice Magic
  4132 | D:4      | Killed Edmund
  4250 | D:4      | Noticed Grinder
  4390 | D:5      | Entered Level 5 of the Dungeon
  4433 | D:5      | Noticed Duvessa
  4433 | D:5      | Noticed Dowan
  4444 | D:5      | Killed Duvessa
  4447 | D:5      | Killed Dowan
  4530 | D:4      | Reached XP level 8. HP: 53/63 MP: 11/11
  4552 | D:4      | Paralysed by Grinder for 5 turns
  4562 | D:4      | Paralysed by Grinder for 2 turns
  4567 | D:4      | Paralysed by Grinder for 3 turns
  4573 | D:4      | Killed Grinder
  4880 | D:4      | Noticed Natasha
  4938 | D:4      | Killed Natasha
  5030 | D:4      | Noticed Natasha
  5038 | D:4      | Killed Natasha
  5096 | D:4      | Noticed Natasha
  5108 | D:4      | Killed Natasha
  5237 | D:5      | Noticed Sigmund
  5446 | D:5      | Killed Sigmund
  5447 | D:5      | Reached skill level 8 in Ice Magic
  5622 | D:5      | Reached skill level 5 in Fighting
  5622 | D:5      | Reached skill level 5 in Unarmed Combat
  5762 | D:5      | Reached XP level 9. HP: 61/74 MP: 6/13
  5861 | D:5      | Learned a level 5 spell: Freezing Cloud
  6178 | D:5      | Found a blossoming altar of Fedhas.
  6351 | D:5      | Reached skill level 1 in Conjurations
  6351 | D:5      | Reached skill level 1 in Air Magic
  6569 | D:6      | Found a staircase to the Ecumenical Temple.
  6587 | Temple   | Entered the Ecumenical Temple
  6720 | D:6      | Noticed Blork the orc
  6729 | D:6      | Killed Blork the orc
  7035 | D:6      | Found Comniet's Magic Scroll Boutique.
  7043 | D:6      | Bought a scroll of identify for 22 gold pieces
  7043 | D:6      | Bought a scroll of identify for 22 gold pieces
  7043 | D:6      | Bought a scroll of teleportation for 33 gold pieces
  7043 | D:6      | Bought a scroll of enchant armour for 82 gold pieces
  7048 | D:6      | Found a broken altar of Ashenzari.
  7049 | D:6      | Found an ancient bone altar of Kikubaaqudgha.
  7050 | D:6      | Found an ornate altar of the Wu Jian Council.
  7058 | D:6      | Reached skill level 9 in Ice Magic
  7063 | D:6      | Became a worshipper of Kikubaaqudgha
  7412 | D:6      | Noticed Jeremiah
  7729 | D:6      | Jeremiah changed into Jeremiah the golden eye
  7729 | D:6      | Noticed Jeremiah
  7800 | D:6      | Killed Jeremiah the golden eye
  7997 | D:7      | Found a basalt altar of Yredelemnul.
  8150 | D:7      | Noticed Maggie
  8162 | D:7      | Maggie changed into Maggie the sky beast
  8162 | D:7      | Noticed Maggie
  8164 | D:7      | Killed Maggie the sky beast
  8381 | D:7      | Reached XP level 10. HP: 75/84 MP: 14/14
  9173 | D:8      | Found a bloodstained altar of Trog.
  9389 | D:8      | Noticed Joseph
  9394 | D:8      | Joseph changed into Joseph the polar bear
  9394 | D:8      | Noticed Joseph
  9405 | D:8      | Killed Joseph the polar bear
  9720 | D:8      | Reached skill level 10 in Ice Magic
  9801 | D:8      | Found a staircase to the Lair.
  9960 | D:8      | Reached * piety under Kikubaaqudgha
  9960 | D:8      | Received a gift from Kikubaaqudgha
 10452 | D:9      | Found a flagged portal.
 10461 | Bailey   | Entered a bailey
 10953 | Bailey   | Slain by an orc warrior

Illustrated notes

Levels and vault maps discovered:
D:1:      dpeg_arrival_brainrot, layout_basic, minmay_misc_feat_tower,
          minmay_misc_feat_cross
D:2:      layout_basic
D:3:      layout_rooms, nicolae_sif_muna_little_library,
          hellmonk_ecumenical_altar_inner_sanctum, lightli_sewer_entry_pipes,
          chequers_garden, uniq_jessica
D:4:      layout_basic, uniq_grinder, uniq_natasha, uniq_edmund
D:5:      layout_rooms, mainiacjoe_overflow_alcove_4, minmay_pentangle,
          uniq_sigmund, uniq_duvessa
D:6:      layout_loops_ring, chequers_temple_overflow_statue_of_worship,
          minmay_temple_entry_drinking_statues, serial_shops, shop,
          uniq_blork_the_orc, uniq_jeremiah
D:7:      layout_loops_ring, yredelemnul_altar_generic, nicolae_the_louvre,
          uniq_maggie
D:8:      layout_cave_pods, trog_three_pillars_becter, lair_entry_dummy,
          the_hattery, uniq_joseph
D:9:      layout_basic, marbit_many_paths, enter_bailey_2
Temple:   zaba_magenta_temple
Bailey:   bailey_polearm_1, bailey

Skill      XL: |  1  2  3  4  5  6  7  8  9 10 |
---------------+-------------------------------+-----
Stealth        | 3 4 |  4.0
Ice Magic      | 5 6 7 8 9 10 | 10.5
Spellcasting   | 2 3 |  3.0
Fighting       | 1 2 3 5 6 8 |  8.2
Dodging        | 2 3 4 |  4.0
Unarmed Combat | 1 2 3 5 |  5.4
Conjurations   | 3 4 |  4.5
Air Magic      | 3 4 |  4.5

Action                     |  1- 3 |  4- 6 |  7- 9 | 10-12 || total
---------------------------+-------+-------+-------+-------++-------
  Melee: Unarmed           |    22 |    65 |   213 |    97 ||   397
         Punch             |       |       |     8 |     6 ||    14
  Throw: Dart              |       |       |     4 |     3 ||     7
   Cast: Freeze            |    67 |    35 |     8 |       ||   110
         Frozen Ramparts   |       |    11 |    39 |    23 ||    73
         Ozocubu's Armour  |       |     2 |    18 |    15 ||    35
  Evoke: Wand              |       |     3 |    11 |     4 ||    18
    Use: Scroll            |       |     7 |     5 |     2 ||    14
   Stab: Sleeping          |       |     3 |     1 |     3 ||     7
 Armour: Robe              |    32 |    47 |   146 |    32 ||   257
         Steam dragon scal |       |       |       |    40 ||    40
  Dodge: Dodged            |    33 |    62 |    85 |   105 ||   285
